 Dungeon Crawl Stone Soup version 0.31-a0-986-g5e6e4ef867 (webtiles) character file.

Game seed: 3386493714823880541

615 Danienth the Grave Robber (level 7, -3/52 HPs)
             Began as a Human Necromancer on Nov 7, 2023.
             Engulfed by a steam dragon's steam (11 damage)
             ... on level 6 of the Dungeon.
             The game lasted 00:25:18 (5507 turns).

Danienth the Grave Robber (Human Necromancer)       Turns: 5507, Time: 00:25:18

Health: -3/52      AC:  2    Str:  9    XL:     7   Next: 73%
Magic:  10/10      EV: 12    Int: 17    God:
Gold:   291        SH:  0    Dex: 13    Spells: 0/10 levels left

rFire   . . .        s - staff of death
rCold   + . .        f - orb {mayhem}
rNeg    + . .        a - +0 robe
rPois   .            (no helmet)
rElec   .            (no cloak)
rCorr   .            (no gloves)
SInv    .            (no boots)
Will    .....        h - amulet of the acrobat
Stlth   ++           k - ring of protection from cold
HPRegen 0.28/turn    (no ring)
MPRegen 0.12/turn

%: mayhem, acrobat
@: no status effects
A: no striking features
a: no special abilities


You were on level 6 of the Dungeon.
You visited 1 branch of the dungeon, and saw 6 of its levels.

You collected 291 gold pieces.

Inventory:

Hand Weapons
 e - a +0 dagger
 l - a +1 rapier of electrocution
 w - a +2 dagger of venom
Missiles
 b - 3 poisoned darts (quivered)
 c - 4 silver javelins
Armour
 a - a +0 robe (worn)
 f - an orb of mayhem (worn)
 o - a +0 kite shield
Magical Staves
 s - a staff of death (weapon)
Jewellery
 h - an amulet of the acrobat (around neck)
 k - a ring of protection from cold (left hand)
 u - a ring of ice
Scrolls
 g - 2 scrolls of fear
 i - 2 scrolls of blinking
 m - 2 scrolls of teleportation
 v - a scroll of silence
 y - a scroll of revelation {unknown}
 z - a scroll of amnesia
 A - a scroll of poison
Potions
 d - a potion of invisibility {unknown}
 n - 2 potions of curing {unknown}
 p - a potion of berserk rage {unknown}
 q - a potion of mutation {unknown}
 r - 3 potions of cancellation
 t - a potion of brilliance {unknown}
 x - a potion of might {unknown}
 B - 3 potions of heal wounds {unknown}


   Skills:
 - Level 3.5 Fighting
 - Level 3.6 Short Blades
 * Level 3.1 Staves
 - Level 2.0 Dodging
 - Level 3.4 Stealth
 - Level 2.3 Spellcasting
 + Level 4.3 Necromancy
 + Level 2.0 Evocations


You couldn't memorise any spells.
You knew the following spells:

 Your Spells              Type           Power      Damage    Failure   Level
a - Necrotise             Necr           100%       1d9       3%          1
b - Vampiric Draining     Necr           25%        2d7       10%         3
c - Animate Dead          Necr           25%        N/A       30%         4
d - Slow                  Hex            8%         N/A       19%         1
e - Foxfire               Conj/Fire      8%         2x1d4     19%         1

Your spell library contained the following spells:

 Spells                   Type           Power      Damage    Failure   Level
 Sandblast                Erth           4%         2d4       19%         1
 Ensorcelled Hibernation  Hex/Ice        4%         N/A       28%         2
 Passwall                 Tmut/Erth      1%         N/A       28%         2
 Confusing Touch          Hex            2%         N/A       50%         3
 Dazzling Flash           Conj/Hex       4%         N/A       50%         3
 Sigil of Binding         Hex            2%         N/A       50%         3
 Stone Arrow              Conj/Erth      4%         3d7       50%         3
 Swiftness                Air            2%         N/A       50%         3
 Agony                    Necr           25%        N/A       65%         5
 Brom's Barrelling Bould  Conj/Erth      2%         2d3       88%         4
 Silence                  Hex/Air        1%         N/A       99%         5
 Plasma Beam              Fire/Air       1%         2x1d11    100%        6
 Starburst                Conj/Fire      1%         6d3       100%        6


Dungeon Overview and Level Annotations

Branches:
Dungeon (6/15)
 Temple: D:4-7

Altars:
The Shining One

Annotations:
D:4 1 runed translucent door, hgbash's ghost, amateur GrEE


Message History

Aiming: Necrotise (safe; 3% risk of failure)
Press: ? - help, Shift-Dir - straight line, f/p - orc
Aim: an orc, wielding a +0 flail of protection (moderately wounded, chance to affect: 93%)
You feel a surge of power!
The orc writhes in agony!
You kill the orc!
The dead are walking!
The steam dragon bites your orc skeleton!
Your orc skeleton is destroyed!
Casting: Necrotise (safe; 3% risk of failure)
Confirm with . or Enter, or press ? or * to list all spells.
Aiming: Necrotise (safe; 3% risk of failure)
Press: ? - help, Shift-Dir - straight line, f - steam dragon
Aim: a steam dragon (chance to affect: 83%)
You feel a surge of power!
The steam dragon writhes in agony.
The steam dragon breathes steam at you. The ball of steam hits you!!
* * * LOW HITPOINT WARNING * * *
You hear a shout! x3; You hear an angry hiss.
You are confused.
You feel invigorated.
You hit the steam dragon but do no damage.
The steam dragon writhes in agony.
The steam dragon is lightly wounded.
The steam dragon bites you.
* * * LOW HITPOINT WARNING * * *
The steam dragon claws you.
* * * LOW HITPOINT WARNING * * *
You bump into the rock wall.
The steam dragon barely misses you.
The steam dragon claws you but does no damage.
You bump into the rock wall.
You feel less invigorated.
You feel less confused. The steam dragon breathes steam at you.
The ball of steam hits you!
* * * LOW HITPOINT WARNING * * *
You hear a shout! x2
You hit the steam dragon but do no damage.
The steam dragon writhes in agony.
The steam dragon is moderately wounded.
You are engulfed in a cloud of scalding steam.
You die...

# .(.. #####.
.....######§§.D..
.......<.§.§#
.....#....D########
.........>.##@....###
.....#.....##D.......
.....#............#..
.... #......)#####..#
... ##..##.## ## #..
...?....# #####..##
##. #.


You could see a steam dragon (catching breath).

Vanquished Creatures
  An ogre (D:4)
  A gnoll sergeant (D:5)
  2 scorpions
  A howler monkey (D:5)
  An orc priest (D:4)
  3 iguanas
  An orc wizard (D:4)
  4 gnolls (D:5)
  2 adders
  2 ufetubi (D:5)
  3 worms
  11 orcs
  12 endoplasms
  4 giant cockroaches
  6 goblins
  7 hobgoblins
  6 jackals (D:3)
  3 kobolds
  2 quokkas
  6 ball pythons
  4 bats
  9 frilled lizards
  2 rats
93 creatures vanquished.

Vanquished Creatures (collateral kills)
  An orc (D:4)
  An endoplasm (D:1)
  A quokka (D:2)
3 creatures vanquished.

Grand Total: 96 creatures vanquished

Notes
Turn   | Place    | Note
-------+----------+-------------------------------------------
     0 | D:1      | Danienth the Human Necromancer began the quest for the Orb.
     0 | D:1      | Reached XP level 1. HP: 13/13 MP: 3/3
   246 | D:1      | Reached XP level 2. HP: 19/19 MP: 1/5
   637 | D:1      | Reached XP level 3. HP: 24/25 MP: 4/6
  1255 | D:2      | Reached skill level 1 in Fighting
  1255 | D:2      | Reached skill level 1 in Short Blades
  1338 | D:2      | Learned a level 3 spell: Vampiric Draining
  1672 | D:2      | Reached XP level 4. HP: 32/32 MP: 7/7
  2942 | D:4      | Reached XP level 5. HP: 35/39 MP: 2/8
  3022 | D:4      | Learned a level 4 spell: Animate Dead
  3480 | D:4      | Noticed an ogre
  3494 | D:4      | Killed an ogre
  3495 | D:4      | Reached XP level 6. HP: 36/47 MP: 9/9
  4093 | D:4      | Found a runed translucent door.
  4098 | D:4      | Noticed hgbash's ghost (amateur GrEE)
  4239 | D:5      | Entered Level 5 of the Dungeon
  4241 | D:5      | Identified a scroll of acquirement
  4241 | D:5      | Identified the "Raeffom" (You acquired it on level 5 of
                  | the Dungeon)
  4241 | D:5      | Acquired a staff of death
  4430 | D:5      | Reached XP level 7. HP: 52/52 MP: 10/10
  4452 | D:5      | Reached skill level 1 in Staves
  4495 | D:5      | Learned a level 1 spell: Slow
  4513 | D:5      | Learned a level 1 spell: Foxfire
  4805 | D:5      | Reached skill level 1 in Evocations
  5247 | D:5      | Found a glowing golden altar of the Shining One.
  5490 | D:6      | Noticed a steam dragon
  5507 | D:6      | Engulfed by a steam dragon's steam

Illustrated notes

Levels and vault maps discovered:
D:1:      lemuel_arrival_tunnels, layout_loops_ring,
          chequers_serial_rivers_micro_e, minmay_misc_feat_plants
D:2:      layout_rooms
D:3:      layout_loops_ring, cheibrodos_sewer_entry_bend,
          minmay_misc_feat_encased
D:4:      layout_cave_pods, ebering_ghost_reflecting_pool, hangedman_decor_push
D:5:      layout_loops_cross, mainiacjoe_overflow_brackets
D:6:      layout_rooms, nicolae_overflow_crystal_walls,
          nemelex_spade_bored_becter, serial_bayou_lagoon_a

Skill      XL: |  1  2  3  4  5  6  7 |
---------------+----------------------+-----
Fighting       | 1 2 3 |  3.5
Short Blades   | 1 2 3 |  3.6
Stealth        | 3 |  3.4
Staves         | 3 |  3.1
Evocations     | 2 |  2.0
Dodging        | |  2.0
Spellcasting   | |  2.3
Necromancy     | |  4.3

Action                     |  1- 3 |  4- 6 |  7- 9 || total
---------------------------+-------+-------+-------++-------
  Melee: Dagger            |    45 |    22 |     6 ||    73
         Rapier            |     1 |    56 |       ||    57
         Staff             |       |       |    14 ||    14
  Throw: Dart              |       |    14 |     1 ||    15
         Javelin           |       |       |    19 ||    19
   Cast: Necrotise         |    46 |    46 |    34 ||   126
    Use: Scroll            |     4 |     6 |     2 ||    12
         Potion            |       |       |     2 ||     2
   Stab: Sleeping          |     2 |     2 |     1 ||     5
 Armour: Robe              |    25 |    48 |    29 ||   102
  Dodge: Dodged            |    31 |    55 |    21 ||   107

Table legend: (Time is in decaauts)
 A = Elapsed time spent in this place.
 B = Non-inter-level travel time spent in this place.
 C = Inter-level travel time spent in this place.
 D = Time resting spent in this place.
 E = Time spent auto-exploring this place.
 F = Levels seen in this place.
 G = Mean time per level.
                   A        B        C        D        E       F      G
               +--------+--------+--------+--------+--------+-----+--------+
         Total |   5520 |   4983 |    537 |    932 |   3297 |   6 |  920.0 |
       Dungeon |   5520 |   4983 |    537 |    932 |   3297 |   6 |  920.0 |
               +--------+--------+--------+--------+--------+-----+--------+

Top non-repeatable levels by time:
     D:4: 1448 daAuts
     D:5: 1115 daAuts
     D:1: 1111 daAuts
     D:3: 1042 daAuts
     D:2: 782 daAuts
     D:6: 18 daAuts
